 Dungeon Crawl Stone Soup version 0.27.0-1-g7a089689b8 (webtiles) character file.

Game seed: 15203044488096255186

1564715 Forgeling the Sorcerer (level 27, 129/173 HPs)
             Began as a Deep Elf Brigand on Aug 9, 2021.
             Was the Champion of Dithmenos.
             Escaped with the Orb
             ... and 3 runes!
             The game lasted 03:32:53 (86546 turns).

Forgeling the Sorcerer (Deep Elf Brigand)          Turns: 86546, Time: 03:32:54

Health: 129/173    AC: 23    Str: 14    XL:     27
Magic:  64/64      EV: 19    Int: 45    God:    Dithmenos [******]
Gold:   6467       SH:  8    Dex: 18    Spells: 36/76 levels left

rFire    + + +     SeeInvis +   a - staff of earth
rCold    + . .     Faith    .   f - +3 buckler {AC+3}
rNeg     + . .     Spirit   +   c - +5 ring mail of the Eagle {rN+ Int+4 Dex+4}
rPois    +         Reflect  .   n - +3 hat of Pondering {ponderous, Will+ MP+10 Int+5}
rElec    +         Harm     .   o - scarf {rC+ rF+}
rCorr    +         Rampage  .   T - +0 pair of gloves "Horegiu" {Will+++ Int+3 Dex-3 SInv}
Will     +++++                  k - +2 pair of boots {Fly}
Stlth    ++++......             q - amulet of guardian spirit
HPRegen  0.38/turn              r - ring of Gurph {*Corrode rElec rPois Str+6 Int+7}
MPRegen  0.39/turn              j - ring of Gusibbeq {Drain rF+++ Will- rCorr Dex+3}

@: flying, very slightly contaminated, wreathed by umbra, slow
A: clumsy 1, dopey 2, screaming 2
0: Orb of Zot
}: 3/15 runes: decaying, silver, gossamer
a: Renounce Religion, Shadow Step, Shadow Form


You escaped.
You worshipped Dithmenos.
Dithmenos was exalted by your worship.
You visited 9 branches of the dungeon, and saw 49 of its levels.
You also visited: Sewer, Ossuary, Bailey, Gauntlet and Volcano.

You collected 7850 gold pieces.
You spent 1383 gold pieces at shops.

Inventory:

Hand Weapons
 b - a +9 rapier of flaming
Missiles
 g - 9 throwing nets
 y - 11 poisoned darts
 Z - 28 curare-tipped darts
Armour
 c - the +5 ring mail of the Eagle (worn) {rN+ Int+4 Dex+4}
   (You found it on level 1 of the Realm of Zot)

   Int:       It affects your intelligence (+4).
   Dex:       It affects your dexterity (+4).
   rN:        It protects you from negative energy.
 f - a +3 buckler of protection (worn)
 k - a +2 pair of boots of flying (worn)
 n - the +3 hat of Pondering (worn) {ponderous, Will+ MP+10 Int+5}
   (You bought it in a shop on level 2 of the Orcish Mines)

   Int:       It affects your intelligence (+5).
   MP:        It affects your magic capacity (+10).
   Will:      It increases your willpower.
 o - a scarf of resistance (worn)
 T - the +0 pair of gloves "Horegiu" (worn) {Will+++ Int+3 Dex-3 SInv}
   (You found it in a Gauntlet)

   Int:       It affects your intelligence (+3).
   Dex:       It affects your dexterity (-3).
   SInv:      It lets you see invisible.
   Will:      It greatly increases your willpower.
Magical Staves
 a - a staff of earth (weapon)
Jewellery
 j - the ring of Gusibbeq (right hand) {Drain rF+++ Will- rCorr Dex+3}
   (You found it on level 5 of the Vaults)

   [ring of resist corrosion]

   Dex:       It affects your dexterity (+3).
   rF:        It renders you almost immune to fire.
   rCorr:     It protects you from acid and corrosion.
   Drain:     It drains your maximum health when unequipped.
   Will:      It decreases your willpower.
 q - an amulet of guardian spirit (around neck)
 r - the ring of Gurph (left hand) {*Corrode rElec rPois Str+6 Int+7}
   (You took it off a deep elf elementalist on level 3 of the Elven Halls)

   [ring of strength]

   Str:       It affects your strength (+6).
   Int:       It affects your intelligence (+7).
   rElec:     It insulates you from electricity.
   rPois:     It protects you from poison.
   *Corrode:  It may corrode you when you take damage.
 t - a +6 ring of strength
 x - a +4 ring of protection
Wands
 d - a wand of digging (22)
 e - a wand of charming (28)
 i - a wand of iceblast (44)
 p - a wand of paralysis (38)
Scrolls
 h - 8 scrolls of amnesia
 u - 4 scrolls of enchant armour
 E - 9 scrolls of fear
 F - 7 scrolls of fog
 K - 8 scrolls of immolation
 O - 2 scrolls of silence
 S - 2 scrolls of summoning
 V - 4 scrolls of vulnerability
 X - 5 scrolls of magic mapping {@r4}
 Y - 15 scrolls of teleportation {@r3}
Potions
 A - 7 potions of attraction
 B - 10 potions of brilliance
 C - 8 potions of cancellation
 G - a potion of ambrosia
 H - 5 potions of haste
 I - 8 potions of invisibility
 J - 16 potions of curing {@q1}
 L - 7 potions of flight
 M - 12 potions of might
 N - 8 potions of heal wounds {@q2}
 Q - 6 potions of magic
 R - 11 potions of resistance
 U - 11 potions of mutation
Miscellaneous
 l - a condenser vane
 m - a phantom mirror
 s - a tin of tremorstones (2/2)
 v - a lightning rod (4/4)
 w - a phial of floods
 z - a box of beasts


   Skills:
 + Level 17.9 Fighting
 - Level 12.8 Short Blades
 - Level 6.0 Throwing
 - Level 11.0 Armour
 - Level 14.0 Dodging
 - Level 15.0 Stealth
 - Level 4.0 Shields
 - Level 25.0 Spellcasting
 - Level 18.0 Conjurations
 - Level 6.0 Hexes
 - Level 17.0 Transmutations
 - Level 24.0 Earth Magic
 - Level 6.0 Poison Magic
 - Level 2.0 Invocations
 - Level 13.0 Evocations


You had 36 spell levels left.
You knew the following spells:

 Your Spells              Type           Power      Damage    Failure   Level
a - Iron Shot             Conj/Erth      76%        9d14      0%          6
d - Mephitic Cloud        Conj/Pois/Air  91%        N/A       1%          3
g - Ignite Poison         Fire/Tmut/Pois 90%        N/A       1%          3
j - Tukima's Dance        Hex            84%        N/A       1%          3
t - Shatter               Erth           79%        3d58*     2%          9
v - Eringya's Noxious Bo  Tmut/Pois      51%        N/A       1%          6
y - Irradiate             Conj/Tmut      59%        3d33      0%          5
Y - Yara's Violent Unrav  Hex/Tmut       51%        3d20      1%          5

Your spell library contained the following spells:

 Spells                   Type           Power      Damage    Failure   Level
 Magic Dart               Conj           100%       1d8       0%          1
 Searing Ray              Conj           100%       3d7       0%          2
 Wereblood                Tmut           100%       N/A       0%          2
 Dazzling Flash           Conj/Hex       100%       N/A       0%          3
 Spider Form              Tmut/Pois      51%        N/A       0%          3
 Leda's Liquefaction      Hex/Erth       68%        N/A       0%          4
 Petrify                  Tmut/Erth      100%       N/A       0%          4
 Blade Hands              Tmut           59%        N/A       0%          5
 Statue Form              Tmut/Erth      100%       N/A       0%          6
 Animate Skeleton         Necr           100%       N/A       1%          1
 Apportation              Tloc           100%       N/A       1%          1
 Freeze                   Ice            100%       1d11      1%          1
 Pain                     Necr           100%       1d9       1%          1
 Summon Small Mammal      Summ           100%       N/A       1%          1
 Blink                    Tloc           N/A        N/A       1%          2
 Call Imp                 Summ           54%        N/A       1%          2
 Corpse Rot               Necr/Air       N/A        N/A       1%          2
 Poisonous Vapours        Pois/Air       100%       N/A       1%          2
 Static Discharge         Conj/Air       95%        N/A       1%          2
 Sublimation of Blood     Necr           27%        N/A       1%          2
 Call Canine Familiar     Summ           54%        N/A       1%          3
 Confusing Touch          Hex            84%        N/A       1%          3
 Conjure Flame            Conj/Fire      95%        6-21      1%          3
 Frozen Ramparts          Ice            100%       1d12      1%          3
 Gell's Gravitas          Tloc           27%        N/A       1%          3
 Portal Projectile        Hex/Tloc       100%       N/A       1%          3
 Summon Guardian Golem    Hex/Summ       70%        N/A       1%          3
 Teleport Other           Tloc           54%        N/A       1%          3
 Vampiric Draining        Necr           27%        2d9       1%          3
 Animate Armour           Summ/Erth      100%       N/A       1%          4
 Fulminant Prism          Conj/Hex       52%        3d23      1%          4
 Hailstorm                Conj/Ice       95%        3d19      1%          4
 Ice Form                 Ice/Tmut       93%        N/A       1%          4
 Iskenderun's Mystic Bla  Conj/Tloc      95%        2d18      1%          4
 Sticky Flame             Conj/Fire      95%        2d10      1%          4
 Alistair's Intoxication  Tmut/Pois      68%        N/A       1%          5
 Bolt of Magma            Conj/Fire/Erth 67%        4d26      1%          5
 Freezing Cloud           Conj/Ice/Air   42%        6-21      1%          5
 Lightning Bolt           Conj/Air       47%        1d68      1%          5
 Conjure Ball Lightning   Conj/Air       47%        3x3d16    1%          6
 Starburst                Conj/Fire      47%        8x6d13    1%          6
 Dragon Form              Tmut           59%        N/A       1%          7
 Orb of Destruction       Conj           60%        9d17      1%          7
 Metabolic Englaciation   Hex/Ice        35%        N/A       3%          5
 Silence                  Hex/Air        35%        N/A       3%          5
 Airstrike                Air            27%        N/A       4%          4
 Animate Dead             Necr           27%        N/A       4%          4
 Dispel Undead            Necr           54%        3d20      4%          4
 Passage of Golubria      Tloc           N/A        N/A       4%          4
 Summon Ice Beast         Ice/Summ       54%        N/A       4%          4
 Summon Lightning Spire   Summ/Air       54%        N/A       4%          4
 Invisibility             Hex            42%        N/A       6%          6
 Spellforged Servitor     Conj/Summ      47%        N/A       10%         7
 Storm Form               Tmut/Air       46%        N/A       12%         7
 Agony                    Necr           54%        N/A       13%         5
 Excruciating Wounds      Necr           27%        N/A       13%         5
 Manifold Assault         Tloc           54%        N/A       13%         5
 Summon Forest            Summ/Tloc      27%        N/A       13%         5
 Death Channel            Necr           27%        N/A       56%         6
 Dispersal                Tloc           27%        N/A       56%         6
 Haunt                    Necr/Summ      27%        N/A       98%         7
 Ozocubu's Refrigeration  Ice            27%        4d10      98%         7
 Summon Hydra             Summ           27%        N/A       98%         7
 Ignition                 Fire           27%        3d9       100%        8
 Infestation              Necr           27%        N/A       100%        8
 Chain Lightning          Conj/Air       47%        3d63      100%        9
 Death's Door             Necr           27%        N/A       100%        9


Dungeon Overview and Level Annotations

Branches:
Dungeon (15/15)            Temple (0/1) D:5            Lair (6/6) D:11
  Swamp (4/4) Lair:4       Spider (4/4) Lair:4        Slime (0/5) Lair:5
    Orc (2/2) D:9             Elf (3/3) Orc:2        Vaults (5/5) D:14
 Depths (5/5) D:15            Zot (5/5) Depths:5      Sewer (visited)
Ossuary (visited)          Bailey (visited)         Volcano (visited)
Gauntlet (visited)
  Crypt: Vaults:2-3

Altars:
Ashenzari
Cheibriados
Dithmenos
Elyvilon
Fedhas
Gozag
Hepliaklqana
Kikubaaqudgha
Makhleb
Okawaru
Sif Muna
Trog
Uskayaw
Vehumet
Zin
The Shining One
Jiyva

Shops:
D:7 *   D:10 *   Orc:2 ?[(!!   Elf:1 [?*   Vaults:4 [   Vaults:5 (   Depths:1 !
Depths:2 =:=(

Portals:
Hell: Depths:1 Depths:2 Depths:3 Depths:4 Depths:5
Abyss: Depths:1 Depths:2 Depths:3 Depths:4
Pandemonium: Depths:3
Ziggurat: Depths:1

Annotations:
Vaults:2 2 transporters
Depths:4 1 runed translucent door


Innate Abilities, Weirdness & Mutations

You are clumsy. (Dex -2)
You are very dopey. (Int -4)
You frequently scream uncontrollably at your foes.


Message History

The Ice Fiend is blasted with magical radiation!!!
You kill the Ice Fiend!
You are no longer corroded.
There is a stone staircase leading up here.
You start resting.
An orange demon comes into view.
Unknown command.
Unknown command.
You fly upwards.
There is a stone staircase leading down here.
Your extra speed is starting to run out.
There is a stone staircase leading up here.
You are confused.
You feel invigorated. Magic courses through your body.
You feel much better.
You start resting.
You feel yourself slow down.
You start resting.
Magic restored.
You feel less invigorated.
You feel less confused.
You start resting.
You scream at the green death!
A green death comes into view.
A green death is nearby!
Unknown command.
You fly upwards.
There is a stone staircase leading down here.
A neqoxec comes into view.
You scream at the neqoxec!
Aiming: Dig
Press: ? - help, Shift-Dir - straight line A rock wall.
This square is wreathed by an umbra and is covered in magical glow.
The rock shatters into small pieces.
Your magic seems less tainted.
There is a stone staircase leading up here.
You fly upwards.
There is a stone staircase leading down here.
There is a staircase leading out of the dungeon here.
You have escaped!

###...#..........##.###.....
#.......#.....##.####.......
#.(...###..............#....
#...#..................#....
##..#####......#..#.##.......
#...# #...................#
####..##
####'##..#..#...##..# #.....#
#8.8#..##..#..##..# #...#.#
#♣@♣#......##...... #...#.#
♣♣♣♣##..#......... #..>#.#
##..#....#... #...#.#
######### ####.#........
#####.#
#.......###...........#. #.#
#.......##............#. #.#
#.......##..............
#.###..........#........#...
#.......................#...


There were no monsters in sight!

Vanquished Creatures
  4 orbs of fire (Zot:5)
  6 dread liches
  3 ancient liches
  Mennas (Vaults:2)
  A juggernaut (Depths:5)
  Sojobo (Depths:4)
  4 Killer Klowns (Zot:5)
  Saint Roka (Depths:4)
  3 curse toes (Zot:5)
  2 caustic shrikes (Depths:3)
  13 golden dragons
  Nikola (Depths:2)
  Arachne (Spider:4)
  A Brimstone Fiend (Zot:5)
  An Ice Fiend (D:4)
  2 electric golems (Zot:5)
  10 tentacled monstrosities
  2 quicksilver dragons
  4 liches
  A deep elf master archer (Elf:3)
  Asterion (Vaults:2)
  28 Orb Guardians
  6 titans
  3 deep elf blademasters
  9 sphinxes
  12 death cobs
  2 thorn hunters
  An acid blob (Lair:6)
  12 storm dragons
  9 shadow dragons
  11 tengu reavers
  Donald (Elf:1)
  8 rockslimes
  6 frost giants
  Roxanne (Elf:2)
  An iron dragon (Depths:5)
  10 ghost moths
  5 fire giants
  7 draconian knights
  8 deep elf sorcerers
  6 draconian shifters
  4 draconian scorchers
  7 emperor scorpions
  2 orc warlords (Vaults:3)
  Louise (Depths:1)
  22 vault wardens
  2 balrugs
  2 deep elf elementalists (Elf:3)
  3 draconian stormcallers
  20 ironbound preservers
  4 spriggan defenders
  2 draconian annihilators (Zot:5)
  A warmonger (D:4)
  4 war gargoyles
  22 very ugly things
  7 green draconians
  A reaper (D:4)
  A caustic shrike skeleton (Depths:3)
  10 black draconians
  15 stone giants
  3 vampire knights
  7 deep elf demonologists
  A lorocyproca (D:13)
  7 yellow draconians
  3 dire elephants
  Azrael (Spider:3)
  6 spark wasps
  4 bunyips
  3 entropy weavers
  6 white draconians
  A minotaur (Gauntlet)
  5 purple draconians
  8 deep elf annihilators
  A crystal guardian (Vaults:2)
  5 red draconians
  2 eleionomae
  7 ettins
  6 deep elf high priests
  A blizzard demon (Depths:4)
  14 fire dragons
  A shambling mangrove (Swamp:4)
  9 great orbs of eyes
  10 ironbound thunderhulks
  37 vault guards
  Harold (D:10)
  3 rakshasas
  23 hydras
  A hell beast (Depths:3)
  14 ice dragons
  7 boulder beetles
  A hydra (shapeshifter) (Depths:3)
  12 yaktaur captains
  3 peacekeepers
  Erica (Orc:1)
  3 spriggan air magi
  4 ogre magi
  A salamander tyrant (Depths:4)
  A ghost crab (Swamp:4)
  2 catoblepae
  A two-headed ogre (shapeshifter) (Vaults:5)
  11 ironbound frosthearts
  A death knight (D:13)
  10 two-headed ogres
  13 centaur warriors
  An alligator (shapeshifter) (Vaults:2)
  11 alligators
  3 hell hogs (Depths:4)
  4 deep troll earth magi
  4 ironbound beastmasters
  7 tengu warriors
  3 vampire magi
  6 orc high priests
  A titan zombie (Depths:3)
  9 deep troll shamans
  7 death yaks
  4 sun demons
  A spectral dire elephant (Lair:5)
  5 spriggan berserkers
  4 soul eaters
  Nergalle (D:12)
  A titan skeleton (Depths:3)
  3 hell knights
  Sonja (Lair:2)
  A salamander mystic (Depths:4)
  6 iron trolls
  19 deep elf knights
  2 spectral death yaks (Lair:6)
  3 sixfirhies (Gauntlet)
  4 skeletal warriors
  4 goliath frogs
  A spectral anaconda (Lair:6)
  11 bog bodies
  A deep troll (shapeshifter) (Vaults:5)
  11 swamp dragons (Swamp:4)
  61 deep trolls
  A shadow demon (D:9)
  A torturous demonspawn (Depths:3)
  2 flayed ghosts
  21 ironbound convokers
  2 glowing orange brains
  A death drake (Zot:1)
  2 obsidian statues
  7 lindwurms
  34 deep elf zephyrmancers
  4 spriggan druids
  Pikel (D:7)
  10 wizards
  17 deep elf archers
  9 phantasmal warriors
  A frost giant zombie (Depths:3)
  2 orc knights
  2 orange crystal statues
  3 harpies (Vaults:1)
  31 deep elf pyromancers
  7 necromancers
  16 orb spiders
  21 wolf spiders
  A manticore (D:13)
  2 salamanders (Depths:4)
  2 cyclopes
  4 orc sorcerers
  29 ugly things
  4 will-o-the-wisps
  16 moths of wrath
  9 elephants
  An ice statue (D:7)
  23 vault sentinels
  A black mamba (shapeshifter) (Vaults:2)
  6 black mambas
  A fire giant skeleton (Depths:3)
  12 cane toads
  A rust devil (Depths:3)
  A dire elephant zombie (Lair:6)
  2 gargoyles
  2 unseen horrors
  3 torpor snails
  An orange demon (Depths:3)
  3 smoke demons (Depths:4)
  37 yaktaurs
  15 komodo dragons
  A hellion (Zot:5)
  A rime drake (Lair:4)
  An efreet (D:15)
  An ice devil (Depths:3)
  11 demonic crawlers
  5 freezing wraiths
  2 kobold demonologists (D:13)
  A hydra zombie (Swamp:1)
  A jumping spider (shapeshifter) (Vaults:5)
  A red devil (Zot:5)
  18 jumping spiders
  5 trolls
  2 tengu conjurers
  2 polar bears
  A queen bee (D:15)
  A merfolk (shapeshifter) (Depths:2)
  4 meliai
  10 tyrant leeches
  23 hornets
  A tengu simulacrum (Depths:3)
  A spectral elephant (Lair:6)
  2 bloated husks (Swamp:2)
  14 blink frogs
  An iron dragon simulacrum (Depths:3)
  11 dream sheep
  35 slime creatures
  A frost giant simulacrum (Depths:3)
  7 water elementals
  62 redbacks
  A shadow (D:10)
  33 dancing weapons
  A tarantella (shapeshifter) (Depths:3)
  2 air elementals (Elf:2)
  4 vampires
  3 wraiths
  40 yaks
  29 tarantellas
  7 fire elementals
  13 spriggans
  2 basilisks
  A steam dragon (D:7)
  3 wyverns
  Menkaure (D:6)
  A spectral cane toad (Lair:6)
  3 wargs
  19 swamp worms
  12 vampire mosquitoes
  2 acid dragons
  2 hell hounds
  2 floating eyes
  21 water moccasins
  A black bear (D:4)
  22 orc warriors
  5 swamp drakes
  2 elephant zombies (Lair:6)
  2 necrophages
  3 boggarts (Vaults:3)
  10 wolves
  10 ogres
  11 centaurs
  4 lemures
  3 phantoms
  3 elephant skeletons (Lair:6)
  2 kobold brigands
  9 bullfrogs
  7 earth elementals
  2 gnoll sergeants
  2 scorpions
  A glowing shapeshifter simulacrum (Depths:3)
  A cane toad simulacrum (Lair:6)
  A water moccasin skeleton (D:7)
  An elephant simulacrum (Lair:6)
  5 wights
  17 killer bees
  6 howler monkeys
  3 electric eels
  7 jellies (Lair:6)
  A gnoll shaman (D:7)
  25 orc priests
  3 hounds
  4 iguanas (D:6)
  A centaur skeleton (D:5)
  17 orc wizards
  2 killer bee zombies
  4 mummies
  A howler monkey zombie (D:11)
  29 gnolls
  6 adders
  A river rat (D:5)
  A shadow imp (Gauntlet)
  14 white imps
  An ufetubus (D:5)
  An adder zombie (D:5)
  3 worms
  2 dart slugs
  48 orcs
  11 endoplasms
  6 giant cockroaches
  16 hobgoblins
  11 jackals
  3 quokkas
  7 ball pythons
  7 bats
  3 frilled lizards
  14 goblins
  7 goblin zombies
  3 hobgoblin zombies (Ossuary)
  28 kobolds
  3 kobold zombies
  9 rats
  3 briar patches (Swamp:1)
2034 creatures vanquished.

Vanquished Creatures (collateral kills)
  A tengu reaver (Depths:2)
  A red draconian (Volcano)
  4 two-headed ogres
  An orc knight (Orc:1)
  A wolf spider (Spider:4)
  A floating eye (Depths:2)
  A wight (D:8)
  4 orcs
14 creatures vanquished.

Vanquished Creatures (others)
  2 emperor scorpions (Spider:4)
  A deep elf elementalist (Elf:3)
  A very ugly thing (Depths:1)
  A stone giant (Depths:2)
  A purple draconian (Zot:4)
  A boulder beetle (Vaults:2)
  An ironbound frostheart (Vaults:2)
  A deep troll shaman (Depths:1)
  A deep troll earth mage (Depths:2)
  A spriggan berserker (Swamp:3)
  A deep elf knight (Elf:1)
  2 iron trolls (Depths:3)
  2 deep trolls (Depths:1)
  A wolf spider (Spider:4)
  A deep elf zephyrmancer (Elf:2)
  An orb spider (Spider:2)
  A torpor snail (Spider:4)
  A demonic crawler (Spider:2)
  A jumping spider (Spider:4)
  2 bloated husks (Swamp:2)
  5 redbacks
  3 tarantellas (Spider:4)
  4 yaks (Lair:5)
  8 dancing weapons
  An orc wizard (D:7)
  A hobgoblin (Bailey)
  5 demonic plants
  8 foxfires
  29 fungi
  93 plants
  3 toadstools (D:1)
  27 withered plants
211 creatures vanquished.

Grand Total: 2259 creatures vanquished

Notes
Turn   | Place    | Note
-------+----------+-------------------------------------------
     0 | D:1      | Forgeling the Deep Elf Brigand began the quest for the Orb.
     0 | D:1      | Reached XP level 1. HP: 12/12 MP: 3/3
   337 | D:1      | Reached XP level 2. HP: 11/16 MP: 4/4
   462 | D:1      | Found a faded altar of an unknown god.
   529 | D:1      | Became a worshipper of Dithmenos the Shadowed
   529 | D:1      | Reached * piety under Dithmenos
   904 | D:2      | Reached XP level 3. HP: 16/20 MP: 5/5
  1555 | D:2      | Reached skill level 5 in Stealth
  2163 | D:3      | Reached XP level 4. HP: 17/25 MP: 6/6
  2403 | D:3      | Reached ** piety under Dithmenos
  2953 | D:3      | Reached XP level 5. HP: 29/29 MP: 7/7
  3276 | D:3      | Noticed a necrophage
  4048 | D:4      | Noticed a black bear
  4063 | D:4      | Killed a black bear
  4064 | D:4      | Reached XP level 6. HP: 27/34 MP: 8/8
  4429 | D:4      | Found an iron altar of Okawaru.
  5149 | D:5      | Entered Level 5 of the Dungeon
  5212 | D:5      | Reached XP level 7. HP: 34/38 MP: 9/9
  5381 | D:5      | Found a glowing drain.
  5441 | Sewer    | Entered a sewer
  5503 | Sewer    | Reached skill level 5 in Dodging
  5614 | D:5      | Reached XP level 8. HP: 35/45 MP: 10/10
  5953 | D:5      | Reached skill level 5 in Throwing
  7229 | D:5      | Learned a level 3 spell: Tukima's Dance
  7249 | D:5      | Reached skill level 1 in Spellcasting
  7249 | D:5      | Reached skill level 1 in Hexes
  7503 | D:5      | Found a burning altar of Makhleb.
  7597 | D:5      | Found a staircase to the Ecumenical Temple.
  7725 | D:5      | Found a bloodstained altar of Trog.
  7905 | D:6      | Reached skill level 2 in Spellcasting
  8089 | D:6      | Found Wofiz's Distillery.
  8435 | D:6      | Noticed Menkaure
  8520 | D:5      | Reached skill level 3 in Spellcasting
  8767 | D:6      | Reached skill level 5 in Short Blades
  8925 | D:7      | Noticed Pikel
  9347 | D:7      | Found a shimmering blue altar of Sif Muna.
  9579 | D:7      | Reached XP level 9. HP: 51/51 MP: 15/15
  9936 | D:5      | Found an opulent altar of Gozag.
  9936 | D:5      | Found an ancient bone altar of Kikubaaqudgha.
 10249 | D:7      | Killed Pikel
 10250 | D:7      | Reached skill level 6 in Spellcasting
 10422 | D:7      | Noticed an ice statue
 10505 | D:8      | Reached *** piety under Dithmenos
 10547 | D:8      | Reached skill level 5 in Hexes
 10614 | D:8      | Reached skill level 7 in Spellcasting
 10711 | D:8      | Learned a level 3 spell: Mephitic Cloud
 10715 | D:8      | Learned a level 3 spell: Ignite Poison
 10737 | D:8      | Found a sand-covered staircase.
 10742 | Ossuary  | Entered an ossuary
 11144 | D:8      | Found a white marble altar of Elyvilon.
 11456 | D:8      | Noticed a two-headed ogre
 11516 | D:8      | Killed a two-headed ogre
 11517 | D:8      | Reached skill level 8 in Spellcasting
 11517 | D:8      | Reached skill level 9 in Spellcasting
 11517 | D:8      | Reached XP level 10. HP: 45/56 MP: 17/25
 11915 | D:9      | Found a staircase to the Orcish Mines.
 12006 | D:9      | Reached skill level 10 in Spellcasting
 12374 | D:9      | Reached skill level 5 in Fighting
 13541 | D:9      | Noticed a two-headed ogre
 13551 | D:9      | Killed a two-headed ogre
 13619 | D:10     | Entered Level 10 of the Dungeon
 13632 | D:10     | Reached **** piety under Dithmenos
 13780 | D:10     | Learned a level 5 spell: Yara's Violent Unravelling
 13844 | D:10     | Reached skill level 1 in Transmutations
 13849 | D:10     | Found Noodwalo's Assorted Antiques.
 13855 | D:10     | Bought a yellow potion for 18 gold pieces
 14105 | D:10     | Noticed Harold
 14132 | D:10     | Killed Harold
 14498 | D:10     | Found a radiant altar of Vehumet.
 14711 | D:10     | Reached skill level 5 in Transmutations
 14711 | D:10     | Reached XP level 11. HP: 35/64 MP: 27/27
 14909 | D:10     | Found a glowing golden altar of the Shining One.
 15397 | D:11     | Noticed a boulder beetle
 15397 | D:11     | Noticed a white ugly thing
 15521 | D:6      | Killed Menkaure
 15522 | D:6      | Reached skill level 1 in Poison Magic
 15643 | D:7      | Found Zin's Purification Station.
 15649 | D:7      | Found a glowing silver altar of Zin.
 15920 | D:7      | Found a hazy altar of Hepliaklqana.
 15921 | D:7      | Found a shadowy altar of Dithmenos.
 16394 | D:11     | Noticed a two-headed ogre
 16400 | D:11     | Killed a two-headed ogre
 16469 | D:11     | Noticed a boulder beetle
 16479 | D:11     | Killed a boulder beetle
 16590 | D:11     | Found a snail-covered altar of Cheibriados.
 16679 | D:11     | Killed a boulder beetle
 16680 | D:11     | Reached skill level 1 in Conjurations
 16680 | D:11     | Reached skill level 5 in Poison Magic
 16744 | D:11     | Found a staircase to the Lair.
 17103 | D:11     | Killed a white ugly thing
 17216 | Lair:1   | Entered Level 1 of the Lair of Beasts
 17219 | Lair:1   | Found a radiant altar of Vehumet.
 18489 | Lair:2   | Reached skill level 11 in Spellcasting
 18521 | Lair:2   | Noticed a seven-headed hydra
 18586 | Lair:1   | Learned a level 5 spell: Irradiate
 18962 | Lair:2   | Killed a seven-headed hydra
 18963 | Lair:2   | Reached skill level 5 in Conjurations
 19075 | Lair:2   | Reached skill level 1 in Evocations
 19531 | Lair:2   | Reached XP level 12. HP: 69/70 MP: 29/29
 19926 | Lair:2   | Noticed Sonja
 19933 | Lair:2   | Killed Sonja
 20531 | Lair:3   | Noticed a seven-headed hydra
 20545 | Lair:3   | Killed a seven-headed hydra
 20622 | Lair:3   | Noticed an eight-headed hydra
 20631 | Lair:3   | Reached skill level 5 in Evocations
 21121 | Lair:3   | Reached ***** piety under Dithmenos
 21385 | Lair:3   | Killed an eight-headed hydra
 21826 | Lair:4   | Found a hole to the Spider Nest.
 21987 | Lair:4   | Noticed a death yak
 21990 | Lair:4   | Noticed a death yak
 21990 | Lair:4   | Noticed a death yak
 22019 | Lair:4   | Killed a death yak
 22020 | Lair:4   | Reached skill level 12 in Spellcasting
 22034 | Lair:4   | Killed a death yak
 22109 | Lair:4   | Identified a scroll of acquirement
 22111 | Lair:4   | Acquired an amulet of regeneration
 22127 | Lair:4   | Acquired 583 gold pieces
 22176 | Lair:4   | Noticed a death yak
 22274 | Lair:4   | Found a dark tunnel.
 22417 | Volcano  | Entered a volcano
 22433 | Volcano  | Noticed an ogre mage
 22436 | Volcano  | Noticed a two-headed ogre
 22437 | Volcano  | Noticed a two-headed ogre
 22438 | Volcano  | Killed an ogre mage
 22453 | Volcano  | Killed a two-headed ogre
 22454 | Volcano  | Reached XP level 13. HP: 74/74 MP: 26/31
 22602 | Volcano  | Noticed a red draconian
 22614 | Volcano  | Killed a red draconian
 22759 | Volcano  | Found a radiant altar of Vehumet.
 23050 | Lair:4   | Reached skill level 10 in Short Blades
 23563 | Lair:4   | Reached skill level 13 in Spellcasting
 23902 | Lair:4   | Found a staircase to the Swamp.
 24643 | Lair:5   | Reached skill level 10 in Stealth
 24834 | Lair:5   | Found a viscous altar of Jiyva.
 24835 | Lair:5   | Found a staircase to the Slime Pits.
 25139 | Lair:6   | Entered Level 6 of the Lair of Beasts
 25141 | Lair:6   | Reached skill level 14 in Spellcasting
 25178 | Lair:6   | Noticed a rockslime
 25178 | Lair:6   | Noticed a rockslime
 25181 | Lair:6   | Noticed a rockslime
 25450 | D:12     | Identified the +5 rapier "Newtslayer" {protect, Drain rPois
                  | rC+ rN+}
 25497 | D:12     | Found a frozen archway.
 25566 | D:12     | Reached XP level 14. HP: 80/80 MP: 28/34
 26187 | D:12     | Noticed Nergalle
 26194 | D:12     | Killed Nergalle
 26412 | Orc:1    | Entered Level 1 of the Orcish Mines
 26857 | Orc:2    | Entered Level 2 of the Orcish Mines
 26857 | Orc:2    | Found Teozeo's Magic Scroll Shoppe.
 27461 | Orc:2    | Bought a scroll of blinking for 127 gold pieces
 27632 | Orc:2    | Reached ****** piety under Dithmenos
 27991 | Orc:2    | Found Nikygaog's Distillery.
 27991 | Orc:2    | Found Suciat's Antique Weapon Boutique.
 27992 | Orc:2    | Found Donobuve's Armour Boutique.
 28008 | Orc:2    | Found Boppehec's Distillery.
 28165 | Orc:2    | Found a staircase to the Elven Halls.
 28284 | Orc:1    | Noticed Erica
 28289 | Orc:1    | Killed Erica
 28548 | Orc:2    | Bought the +3 hat of Pondering {ponderous, Will+ MP+10
                  | Int+5} for 533 gold pieces
 28548 | Orc:2    | Found the +3 hat of Pondering {ponderous, Will+ MP+10
                  | Int+5}
 28576 | Orc:2    | Learned a level 6 spell: Iron Shot
 28757 | D:13     | Reached skill level 1 in Earth Magic
 29928 | D:13     | Identified the +0 chain mail of the Salamander {Regen+}
 30335 | D:14     | Reached skill level 10 in Conjurations
 30413 | D:14     | Found a flagged portal.
 30436 | D:14     | Found a blossoming altar of Fedhas.
 30442 | Bailey   | Entered a bailey
 30730 | D:14     | Reached XP level 15. HP: 84/84 MP: 35/35
 30926 | D:14     | Reached skill level 1 in Shields
 30989 | D:14     | Found a gate to the Vaults.
 31156 | D:15     | Entered Level 15 of the Dungeon
 31162 | D:15     | Found a gate leading to a gauntlet.
 31169 | D:15     | Reached skill level 15 in Spellcasting
 31169 | D:15     | Reached skill level 5 in Earth Magic
 31188 | Gauntlet | Entered a Gauntlet
 31188 | Gauntlet | Found a transporter.
 31196 | Gauntlet | Found a transporter.
 31198 | Gauntlet | Found a transporter.
 31203 | Gauntlet | Found a runed translucent door.
 31203 | Gauntlet | Found a runed translucent door.
 31208 | Gauntlet | Found a transporter.
 31211 | Gauntlet | Found a transporter.
 31221 | Gauntlet | Found a transporter.
 31237 | Gauntlet | Found a transporter.
 31247 | Gauntlet | Found a transporter.
 31257 | Gauntlet | Found a transporter.
 31281 | Gauntlet | Found a transporter.
 31281 | Gauntlet | Found a transporter.
 31290 | Gauntlet | Found a transporter.
 31327 | Gauntlet | Found a transporter.
 31341 | Gauntlet | Found a transporter.
 31437 | Gauntlet | Identified the ring of Lops {Contam Will+ rCorr EV+4 Dex+3}
 31494 | Gauntlet | Identified the +0 pair of gloves "Horegiu" {Will+++ Int+3
                  | Dex-3 SInv}
 31522 | Gauntlet | Identified the +6 trident of the Singing Pill Bug {vorpal,
                  | rElec rCorr Str+6}
 31530 | Gauntlet | Got Ykli's Tome of the Battered Ultimatums
 31530 | Gauntlet | Got Yzeap's Volume of Destructive Clay
 31622 | Gauntlet | Acquired the +2 cloak of Supple Strength {Str+2}
 31694 | D:15     | Reached XP level 16. HP: 88/88 MP: 37/37
 31695 | D:15     | Reached XP level 17. HP: 93/93 MP: 38/38
 32033 | D:15     | Found a staircase to the Depths.
 32084 | D:15     | Reached skill level 1 in Armour
 33164 | Lair:6   | Noticed an acid blob
 33308 | Lair:6   | Killed an acid blob
 35188 | Spider:1 | Entered Level 1 of the Spider Nest
 35291 | Spider:1 | Reached skill level 5 in Armour
 35422 | Spider:1 | Reached XP level 18. HP: 103/103 MP: 39/39
 35431 | Spider:1 | Learned a level 6 spell: Eringya's Noxious Bog
 36816 | Spider:3 | Noticed Azrael
 36821 | Spider:2 | Reached skill level 10 in Transmutations
 36892 | Spider:3 | Killed Azrael
 36892 | Spider:3 | Gained mutation: You are dopey. (Int -2) [mutagenic glow]
 38306 | Spider:4 | Entered Level 4 of the Spider Nest
 38306 | Spider:4 | Found the +8 frozen axe "Frostbite" {freezing cloud, *Noise
                  | Fly rC+}
 38675 | Spider:4 | Reached skill level 16 in Spellcasting
 39100 | Spider:4 | Noticed Arachne
 39318 | Spider:4 | Reached skill level 17 in Spellcasting
 40306 | Spider:4 | Killed Arachne
 40432 | Spider:4 | Reached skill level 10 in Dodging
 40736 | Spider:4 | Got a gossamer rune of Zot
 41039 | Swamp:1  | Entered Level 1 of the Swamp
 41039 | Swamp:1  | Found a transporter.
 41215 | Swamp:1  | Reached XP level 19. HP: 98/112 MP: 42/42
 41532 | Swamp:1  | Got the Tome of Reanimation Made Easy
 41804 | Swamp:1  | Found a transporter.
 42239 | Swamp:1  | Identified the +2 pair of gloves of Lifelessness {Harm rF-
                  | Int+6 SInv}
 42242 | Swamp:1  | Identified the ring of Dithmenos's Scorn {rPois MP+9 Str+7
                  | Dex-4 Slay+3}
 42372 | Swamp:2  | Reached skill level 10 in Fighting
 43394 | Swamp:3  | Got the Papyrus of Clay and the Oath
 44217 | Swamp:3  | Identified the +4 plate armour of Dogmatism {Str+4}
 44651 | Swamp:4  | Entered Level 4 of the Swamp
 45695 | Swamp:4  | Found an ancient bone altar of Kikubaaqudgha.
 46812 | Swamp:4  | Got a decaying rune of Zot
 47302 | Orc:2    | Bought a glowing rapier for 203 gold pieces
 47491 | Vaults:1 | Entered Level 1 of the Vaults
 48297 | Vaults:1 | Reached XP level 20. HP: 92/120 MP: 37/43
 50286 | Vaults:2 | Found a transporter.
 50701 | Vaults:2 | Noticed Mennas
 50705 | Vaults:2 | Killed Mennas
 50918 | Vaults:2 | Identified the ring of Propriety {rElec MP+9 Str+4}
 50968 | Vaults:2 | Reached skill level 18 in Spellcasting
 50980 | Vaults:2 | Reached skill level 10 in Evocations
 51168 | Vaults:2 | Noticed Asterion
 51171 | Vaults:2 | Killed Asterion
 51383 | Vaults:2 | Found a transporter.
 51888 | Vaults:3 | Got the Handbook of the Glacier and Confrontation
 52683 | Vaults:3 | Reached XP level 21. HP: 108/127 MP: 45/45
 53142 | Vaults:3 | Reached skill level 19 in Spellcasting
 54887 | Vaults:4 | Reached skill level 15 in Stealth
 55462 | Vaults:4 | Reached skill level 20 in Spellcasting
 56017 | Vaults:4 | Found Rusebaff's Armour Shop.
 56289 | Vaults:4 | Identified the +4 scale mail of Wygoot {Str+4}
 56319 | Vaults:4 | Learned a level 9 spell: Shatter
 56725 | Elf:1    | Entered Level 1 of the Elven Halls
 56756 | Elf:1    | Found a radiant altar of Vehumet.
 56758 | Elf:1    | Noticed Donald
 56792 | Elf:1    | Killed Donald
 56993 | Elf:1    | Found Leaph's Antique Armour Emporium.
 57035 | Elf:1    | Reached skill level 10 in Earth Magic
 57089 | Elf:1    | Bought a translucent cloak for 218 gold pieces
 57089 | Elf:1    | Identified the +1 cloak "Nalaryamm" {Will+ Str+4 Int-5}
                  | (You bought it in a shop on level 1 of the Elven Halls)
 57116 | Elf:1    | Found Figoff's Magic Scroll Shoppe.
 57137 | Elf:1    | Bought a scroll of blinking for 112 gold pieces
 57332 | Elf:1    | Found Fooxtott's Assorted Antiques.
 57510 | Elf:1    | Got the Handbook of the Escort
 58067 | Elf:2    | Paralysed by an air elemental for 1 turns
 58563 | Elf:2    | Reached XP level 22. HP: 113/132 MP: 41/48
 59459 | Elf:2    | Noticed Roxanne
 59469 | Elf:2    | Killed Roxanne
 60478 | Elf:2    | Found a huge runed translucent gate.
 60478 | Elf:2    | Found a huge runed translucent gate.
 60478 | Elf:2    | Found a huge runed translucent gate.
 60478 | Elf:2    | Found a huge runed translucent gate.
 60478 | Elf:2    | Found a huge runed translucent gate.
 61647 | Elf:3    | Entered Level 3 of the Elven Halls
 62162 | Elf:3    | Reached skill level 15 in Earth Magic
 62291 | Elf:3    | Identified the ring "Komicuf" {Fire Str+6}
 63074 | Elf:3    | Identified the +1 broad axe of the Magic Mushroom {freeze,
                  | Int+6}
 63395 | Elf:3    | Got the Volume of Freezing Venom
 63517 | Elf:3    | Identified the ring of Gurph {*Corrode rElec rPois Str+6
                  | Int+7}
 63848 | Depths:1 | Entered Level 1 of the Depths
 63870 | Depths:1 | Found Cyte's Distillery.
 63875 | Depths:1 | Found a broken altar of Ashenzari.
 63956 | Depths:1 | Found a one-way gate to the infinite horrors of the Abyss.
 63956 | Depths:1 | Noticed Louise
 63964 | Depths:1 | Killed Louise
 64344 | Depths:1 | Found a gateway to Hell.
 64374 | Depths:1 | Found a gateway to a ziggurat.
 64714 | Depths:1 | Found a hide-covered altar of Uskayaw.
 64946 | Depths:2 | Reached skill level 15 in Transmutations
 64953 | Depths:2 | Noticed Nikola
 64957 | Depths:2 | Killed Nikola
 65103 | Depths:2 | Reached XP level 23. HP: 125/136 MP: 44/49
 65291 | Depths:2 | Found Uceipoc's Jewellery Shop.
 65293 | Depths:2 | Found Vuavotz's Book Emporium.
 65294 | Depths:2 | Found Enimij's Jewellery Shop.
 65471 | Depths:2 | Found Sulusair's Antique Weapon Emporium.
 66675 | Depths:3 | Found a bloodstained altar of Trog.
 67190 | Depths:3 | Found a one-way gate leading to the halls of Pandemonium.
 67518 | Depths:3 | Noticed a caustic shrike
 67535 | Depths:3 | Killed a caustic shrike
 67874 | Depths:3 | Noticed a caustic shrike
 67874 | Depths:3 | Noticed a dread lich
 67883 | Depths:3 | Killed a caustic shrike
 68027 | Depths:3 | Killed a dread lich
 68784 | Depths:4 | Noticed Sojobo
 68789 | Depths:4 | Killed Sojobo
 69529 | Depths:4 | Noticed Saint Roka
 69536 | Depths:4 | Killed Saint Roka
 71111 | Depths:4 | Found a runed translucent door.
 71274 | Depths:4 | Reached XP level 24. HP: 142/142 MP: 34/49
 71600 | Depths:5 | Entered Level 5 of the Depths
 71966 | Depths:5 | Noticed a juggernaut
 71970 | Depths:5 | Killed a juggernaut
 72834 | Depths:5 | Paralysed by a floating eye for 3 turns
 73837 | Elf:1    | Bought a scroll of enchant weapon for 172 gold pieces
 74768 | Depths:5 | Found a gate to the Realm of Zot.
 75581 | Vaults:2 | Identified the +8 flail of the Ass {flame, *Corrode rElec
                  | rC- Str+9}
 75780 | Vaults:5 | Entered Level 5 of the Vaults
 75780 | Vaults:5 | Noticed a dread lich
 75782 | Vaults:5 | Reached skill level 10 in Armour
 75795 | Vaults:4 | Gained mutation: You are very dopey. (Int -4) [mutagenic
                  | glow]
 75965 | Vaults:5 | Reached skill level 21 in Spellcasting
 75965 | Vaults:5 | Killed a dread lich
 76143 | Vaults:5 | Reached XP level 25. HP: 101/147 MP: 20/50
 76316 | Vaults:5 | Reached skill level 22 in Spellcasting
 76319 | Vaults:5 | Identified the +5 mace of Untimely Demise {vorpal, rF-
                  | Will+ Int+2 Dex+3}
 76320 | Vaults:5 | Reached skill level 23 in Spellcasting
 76470 | Vaults:5 | Noticed an ancient lich
 76473 | Vaults:5 | Killed an ancient lich
 76474 | Vaults:5 | Identified the ring "Doer" {Fly rCorr}
 76617 | Vaults:5 | Identified the ring of Tualeff {Ice rElec Dex+3 Stlth+}
 76619 | Vaults:5 | Reached skill level 24 in Spellcasting
 76682 | Vaults:5 | Identified the ring of Gusibbeq {Drain rF+++ Will- rCorr
                  | Dex+3}
 77458 | Vaults:5 | Reached skill level 25 in Spellcasting
 77562 | Vaults:5 | Found the +2 hood of the Assassin {Detection Stab+ Stlth++}
 77790 | Vaults:5 | Got a silver rune of Zot
 77847 | Vaults:5 | Identified the +6 whip of Conscience {venom, Will++ Str+4}
 78314 | Vaults:5 | Got Nuer's Guide on the Traveller and Ignition
 78385 | Vaults:5 | Found Ako Zyl's Antique Weapon Shoppe.
 78387 | Vaults:5 | Found the ring of the Octopus King
 78392 | Vaults:5 | Identified the +0 pair of gloves of the Bells {Str+8}
 78396 | Vaults:5 | Identified a ring of the Octopus King {MP+9 AC+1 EV+1 Str+1
                  | Int+1 Dex+1}
 78424 | Vaults:5 | Gained mutation: You occasionally shout uncontrollably at
                  | your foes. [mutagenic glow]
 79313 | Zot:1    | Entered Level 1 of the Realm of Zot
 79328 | Depths:5 | Reached skill level 15 in Conjurations
 79490 | Zot:1    | Identified the +4 battleaxe "Itweth" {flame, Fly Int+2
                  | Stlth-}
 79509 | Zot:1    | Identified the +5 ring mail of the Eagle {rN+ Int+4 Dex+4}
 80800 | Zot:3    | Reached XP level 26. HP: 146/152 MP: 50/54
 81270 | Zot:5    | Entered Level 5 of the Realm of Zot
 82275 | Zot:5    | Noticed an orb of fire
 82393 | Zot:5    | Killed an orb of fire
 82419 | Zot:5    | Noticed a dread lich
 82423 | Zot:5    | Killed a dread lich
 82469 | Zot:5    | Noticed an orb of fire
 82574 | Zot:5    | Gained mutation: You frequently scream uncontrollably at
                  | your foes. [an orb of fire]
 82577 | Zot:5    | Killed an orb of fire
 82600 | Zot:5    | Noticed a dread lich
 82603 | Zot:5    | Killed a dread lich
 82879 | Zot:4    | Identified the +2 morningstar of an ossuary {antimagic,
                  | +Rage Will+ Dex+5}
 82882 | Zot:5    | Noticed an orb of fire
 82888 | Zot:5    | Gained mutation: You are clumsy. (Dex -2) [an orb of fire]
 82889 | Zot:5    | Killed an orb of fire
 82898 | Zot:5    | Noticed an ancient lich
 83087 | Zot:5    | Killed an ancient lich
 83252 | Zot:5    | Noticed a dread lich
 83253 | Zot:5    | Killed a dread lich
 83268 | Zot:5    | Noticed an ancient lich
 83281 | Zot:5    | Killed an ancient lich
 83282 | Zot:5    | Reached XP level 27. HP: 91/164 MP: 2/54
 83480 | Zot:5    | Noticed a dread lich
 83483 | Zot:5    | Killed a dread lich
 83900 | Zot:5    | Reached skill level 15 in Fighting
 84303 | Zot:5    | Noticed an orb of fire
 84314 | Zot:5    | Killed an orb of fire
 85972 | Zot:5    | Got the Orb of Zot
 86086 | Zot:1    | Noticed Mouraheipt the pandemonium lord
 86094 | Depths:5 | Noticed Ygeub the pandemonium lord
 86546 | D:$      | Escaped with the Orb!

Illustrated notes

Levels and vault maps discovered:
D:1:      saegor_arrival_simple_b, layout_rooms, shapermc_ecumenical_altar_gd,
          minmay_gold_behind_fungi
D:2:      layout_basic
D:3:      layout_basic
D:4:      layout_basic, okawaru_gym_becter
D:5:      layout_loops_ring, lightli_temple_of_fire,
          nicolae_overflow_hidden_temple, temple_green, gup_sewer_entry_bowl
D:6:      layout_basic, serial_shops, shop, uniq_menkaure
D:7:      lemuel_ice_statue, layout_loops_ring,
          riverfiend_overflow_shadow_ancestor, tgw_sif, zin_purify, uniq_pikel
D:8:      layout_loops_ring, lemuel_doored_altar, nicolae_ossuary_entry_giza
D:9:      layout_long_grid, orc_0_dummy, kennysheep_generic_room_7
D:10:     layout_loops_cross, mainiacjoe_overflow_chevrons, marbit_many_paths,
          serial_shops, shop, uniq_harold
D:11:     layout_loops_corners, lair_entry_dummy, cheibrodos_worm_habitat
D:12:     layout_irregular_city, portal_ice_cave_entry_imps, uniq_nergalle
D:13:     minmay_opposing_rooms, layout_basic, serial_bayou_ford_a,
          solitary_fountain, minmay_the_grid_square_5x5_3x3_mashed
          [minmay_the_grid_square_5x5_shrine2,
          minmay_the_grid_square_5x5_hollow_slash,
          minmay_the_grid_square_5x5_minimal, minmay_the_grid_square_5x5_eight,
          minmay_the_grid_square_5x5_megaprize_crossed,
          minmay_the_grid_square_5x5_percent, minmay_the_grid_square_5x5_bridge,
          minmay_the_grid_square_5x5_beaten_path,
          minmay_the_grid_square_5x5_three]
D:14:     layout_rooms, david_vaults_1, enter_bailey_5, fedhas_altar_3,
          grunt_ministairs_9
D:15:     grunt_enter_depths_snipers, layout_small_grid, gauntlet_entry_generic,
          minmay_tree_intersection, special_room [special_room_bee],
          minmay_liquid_box, minivault_16
Lair:1:   layout_layer_cave, basic_altar
Lair:2:   layout_misc_corridors, serial_bayou_shore_b,
          infiniplex_staircase_pool_2, uniq_sonja
Lair:3:   layout_roguey, nicolae_quartered_pool_super
Lair:4:   layout_hall_layers, nicolae_swamp_entry_splash_gauntlet,
          spider_nest_entry_a, nicolae_volcano_entry_hallway,
          beast_lair_carwin_1
Lair:5:   layout_hall_layers, dpeg_slime_entry_enclosed_altar
Lair:6:   due_jungle_book, layout_cave_shapes, special_room
          [special_room_jelly], grunt_megastairs_4
Swamp:1:  gammafunk_worm_tunnel, layout_basic_swamp,
          evilmike_swamp_ruin_house_4, swamp_pool3,
          nicolae_swamp_necromancy_gone_wrong
Swamp:2:  layout_basic_swamp, hangedman_swamp_diagram, swamp_pool1,
          ldierk_geyser
Swamp:3:  layout_basic_swamp, evilmike_swamp_ruin_rubble_1, swamp_pool3
Swamp:4:  swamp_basic_johnstein, layout_basic_swamp, swamp_pool2,
          grunt_ruined_hall
Spider:1: layout_spider_delve
Spider:2: layout_spider_delve, nicolae_spider_webbed_stairs
Spider:3: nicolae_spider_hilbert_zone_3 [nicolae_spider_hilbert_4_sides_2_open,
          nicolae_spider_hilbert_3_sides_1_open,
          nicolae_spider_hilbert_3_sides_1_open,
          nicolae_spider_hilbert_3_sides_1_open,
          nicolae_spider_hilbert_3_sides_1_open,
          nicolae_spider_hilbert_4_sides_1_open,
          nicolae_spider_hilbert_4_sides_1_open,
          nicolae_spider_hilbert_4_sides_1_open,
          nicolae_spider_hilbert_4_sides_1_open,
          nicolae_spider_hilbert_4_sides_1_open,
          nicolae_spider_hilbert_4_sides_1_open,
          nicolae_spider_hilbert_4_sides_1_open,
          nicolae_spider_hilbert_4_sides_1_open,
          nicolae_spider_hilbert_3_sides_1_open,
          nicolae_spider_hilbert_3_sides_1_open,
          nicolae_spider_hilbert_3_sides_1_open,
          nicolae_spider_hilbert_3_sides_1_open], uniq_azrael
Spider:4: johnstein_spider_rune_arachne_lair, nicolae_spider_checkerboard
Orc:1:    layout_caves, nicolae_orc_flooded_monolith, uniq_erica
Orc:2:    st_orc_mages, layout_caves, serial_shops, shop, lightli_orcish_oven
Elf:1:    eino_elf_arrival_altar, layout_geoelf_octagon, serial_shops, shop,
          nicolae_shop_crystal, nicolae_diamond_shop, minmay_elf_demonology,
          minmay_crystal_room, drop_trap, uniq_donald
Elf:2:    elven_hall_of_blades_hangedman_alternative [nicolae_blade_bullseye],
          layout_loops_corners, serial_sigils, serial_sigils_hangedman_gnaw,
          serial_sigils_hangedman_snap, serial_sigils_hangedman_gut,
          serial_sigils_hangedman_scratch, st_stairs_2, evilmike_ambush
          [evilmike_ambush_outer_basic, evilmike_ambush_inner_basic],
          uniq_roxanne
Elf:3:    minmay_elf_hall_dome, layout_rooms, hangedman_decor_cross_pass
Vaults:1: nicolae_vaults_mini_display_case, v_misc_4, grunt_vaults_twisty,
          nicolae_vaults_display_case, nicolae_vaults_ninety_degrees,
          nicolae_vaults_shelves_hall, v_alt_pattern_6,
          nicolae_vaults_little_squares_4, layout_vaults_omnigrid
Vaults:2: ontoclasm_vaults_pinch, grunt_vaults_swirl, dpeg_vaults_monster_row,
          gammafunk_sealed_arena, vaults_room_ringed_pool, v_misc_32,
          nicolae_vaults_little_squares_1, vaults_dpeg_ring,
          ontoclasm_vaults_eye, nicolae_vaults_shelves_hall, v_misc_1,
          ontoclasm_vaults_hangar, hangedman_vaults_trim, v_misc_23,
          vaults_dpeg_diagonal, layout_vaults_omnibox, uniq_asterion,
          uniq_mennas
Vaults:3: st_lattice, minmay_crypt_entry_vampire_xt,
          hangedman_vaults_variations, v_misc_33, vaults_standard_mumra_lines,
          serial_ice_b, vaults_room_hallway, v_misc_11, vaults_dpeg_cross,
          grunt_vaults_trifunnel, v_misc_15, v_pattern_2,
          ontoclasm_vaults_fault, nicolae_vaults_little_squares_4,
          layout_vaults_maze
Vaults:4: nicolae_vaults_stairing_the_circle, nicolae_vaults_big_angled_halls,
          ontoclasm_vaults_misaligned, hangedman_vaults_stitches, v_misc_16,
          ontoclasm_vaults_idyll, nicolae_vaults_sealed_display,
          vaults_room_grid, nicolae_vaults_statue_guard, grunt_vaults_funnel,
          nicolae_vaults_yaktaur_gun_rack, nicolae_vaults_little_squares_5,
          vaults_mumra_hex, ontoclasm_vaults_idyll, layout_vaults_big_cross,
          serial_shops, shop_statue
Vaults:5: serial_shops
Depths:1: layout_forbidden_donut, enter_ziggurat_b, serial_shops, shop,
          nicolae_abyss_entry_one_way_or_another, ashenzari_conservatory_becter,
          hangedman_geh_valley, dancing_weapons_uskayaw
Depths:2: minmay_outward_triangles, layout_honeycomb, abyss_entry, hell_entry,
          kennysheep_decorative_pillar, serial_shops, nicolae_shop_waterfront,
          minmay_shop_grove, infiniplex_staircase_hallway_doors, uniq_nikola
Depths:3: minmay_containers, layout_gridlike, abyss_entry,
          trog_three_pillars_becter, rand_demon_pan_entry_8, hell_entry
Depths:4: minmay_gate_of_8, layout_basic, minmay_staircase_bubble, hellmouth_3,
          abyss_entry, hangedman_abyss_or_decor_stabs, uniq_saint_roka,
          uniq_sojobo
Depths:5: grunt_twist_and_shout, layout_gridville, hangedman_coc_ice_floe,
          minmay_misc_feat_rows
Zot:1:    lemuel_firehouse, layout_cathedral_of_symmetry,
          st_small_dragon_hoard_5, st_stairs_8
Zot:2:    layout_twisted_circle
Zot:3:    layout_gridlike, drop_trap, st_large_dragon_hoard_3
Zot:4:    layout_gridlike, st_single_dragon_hoard_1
Zot:5:    layout_gridville, st_stairs_4, lemuel_baited_zot_trap

Skill      XL: |  1  2  3  4  5  6  7  8  9 10 11 12 13 14 15 16 17 18 19 20 21 22 23 24 25 26 27 |
---------------+----------------------------------------------------------------------------------+-----
Short Blades   | 3 4 6 7 8 9 10 11 12 | 12.8
Stealth        | 5 6 7 8 9 11 13 15 | 15.0
Throwing       | 3 4 5 6 |  6.0
Dodging        | 5 9 10 14 | 14.0
Fighting       | 2 3 4 6 8 9 11 12 14 17 | 17.9
Spellcasting   | 3 9 10 11 12 14 15 17 18 20 21 25 | 25.0
Hexes          | 4 6 |  6.0
Transmutations | 5 6 8 9 12 16 17 | 17.0
Poison Magic   | 6 |  6.0
Conjurations   | 6 8 9 10 11 12 16 18 | 18.0
Evocations     | 2 6 8 11 13 | 13.0
Invocations    | 2 |  2.0
Earth Magic    | 4 6 7 8 12 16 20 22 23 24 | 24.0
Shields        | 3 4 |  4.0
Armour         | 5 7 9 11 | 11.0

Action                   |  1- 3 |  4- 6 |  7- 9 | 10-12 | 13-15 | 16-18 | 19-21 | 22-24 | 25-27 || total
-------------------------+-------+-------+-------+-------+-------+-------+-------+-------+-------++-------
Melee: Dagger            |   113 |   161 |   286 |    91 |       |       |       |       |       ||   651
       Rapier            |       |    18 |   127 |   418 |   805 |   809 |  1159 |   752 |       ||  4088
       Unarmed           |       |       |     6 |       |       |       |       |       |       ||     6
       Staff             |       |       |       |       |       |       |       |     2 |    73 ||    75
Throw: Dart              |    13 |    41 |     9 |     7 |       |       |       |       |       ||    70
 Cast: Tukima's Dance    |       |       |    22 |    17 |    26 |     2 |       |       |       ||    67
       Mephitic Cloud    |       |       |       |    32 |     8 |       |     2 |       |       ||    42
       Ignite Poison     |       |       |       |    15 |     1 |     7 |    11 |     8 |       ||    42
       Irradiate         |       |       |       |    11 |   118 |   145 |   139 |   104 |    37 ||   554
       Iron Shot         |       |       |       |       |       |    38 |   151 |   206 |   143 ||   538
       Eringya's Noxious |       |       |       |       |       |    10 |     7 |     8 |       ||    25
       Yara's Violent Un |       |       |       |       |       |       |     1 |       |       ||     1
       Shatter           |       |       |       |       |       |       |       |    55 |   117 ||   172
Invok: Shadow Step       |       |       |       |     2 |     6 |       |     2 |     5 |       ||    15
Evoke: Wand              |       |       |     1 |    18 |     6 |       |     1 |     2 |     2 ||    30
       Lightning rod     |       |       |       |       |       |     3 |     4 |     3 |       ||    10
       Condenser vane    |       |       |       |       |       |     1 |     4 |       |       ||     5
       Phantom mirror    |       |       |       |       |       |     1 |       |     1 |       ||     2
       Tin of tremorston |       |       |       |       |       |       |     3 |     4 |       ||     7
  Use: Scroll            |     2 |       |    11 |    12 |    12 |     2 |     7 |    11 |    14 ||    71
       Potion            |     1 |     2 |     1 |       |     3 |     2 |     1 |       |    14 ||    24
 Stab: Sleeping          |     9 |    14 |    33 |    29 |    34 |    30 |    69 |    44 |       ||   262
       Distracted        |       |       |       |     2 |     6 |     9 |    10 |     4 |       ||    31
       Confused          |       |       |       |    14 |     8 |       |       |       |       ||    22
       Paralysed         |       |       |       |       |       |       |     1 |       |       ||     1
Armor: Robe              |    13 |    48 |    62 |    17 |       |       |       |       |       ||   140
       Skin              |       |       |     6 |       |       |       |       |       |       ||     6
       Acid dragon scale |       |       |       |   103 |   295 |   413 |   395 |   264 |    48 ||  1518
       Ring mail         |       |       |       |       |       |       |       |       |    43 ||    43
Dodge: Dodged            |    61 |    98 |   234 |   356 |   561 |   831 |   893 |   647 |   248 ||  3929
Block: Buckler           |       |       |       |       |    17 |   313 |   285 |   207 |    76 ||   898
